Map: Nightscape LE

Players

Massa - Winner!

  • Race: Terran Terran
  • League: Platinum
  • Spawn Location: 7:00

qqq - Winner!

  • Race: Protoss Protoss
  • Spawn Location: 7:00

kev

  • Race: Zerg Zerg
  • Spawn Location: 1:00

Chomba

  • Race: Zerg Zerg
  • Spawn Location: 1:00

VOD

Have the link to the VOD?

Description

Time

  • Played on: Nov. 5, 2020, 2:58 p.m.
  • Length: 15:01
Show
View Real Time Build Order
Export as new Build Order

Massa Terran - Winner!

Build Orders: Gas First Reaper Expand 

Get SALT Encoding   

  12  0:01  SCV  
  13  0:13  SCV  
  14  0:23  Supply Depot  
  14  0:25  SCV  
  15  0:34  Refinery  
  15  0:44  SCV  
  15  0:46  Barracks  
  16  0:56  SCV  
  17  1:08  SCV  
  18  1:20  SCV  
  19  1:34  Orbital Command  
  19  1:35  Reaper  
  20  1:44  Command Center  
  20  2:00  SCV  
  21  2:06  Supply Depot  
  21  2:07  Marine  
  22  2:13  Factory  
  22  2:18  SCV  
  23  2:30  SCV  
  23  2:32  Marine  
  25  2:42  SCV  
  26  2:50  Marine  
  27  2:55  SCV  
  28  3:03  Orbital Command  
  28  3:05  Hellion, Barracks  
  30  3:06  Barracks  
  30  3:07  SCV  
  30  3:14  Marine  
  30  3:19  SCV  
  32  3:25  Supply Depot  
  32  3:26  Hellion  
  34  3:29  Supply Depot  
  34  3:32  SCV x2, Marine  
  37  3:44  SCV x2  
  37  3:57  Marine x3  
  35  4:05  Hellion  
  37  4:26  Hellion  
  38  4:34  Marine x2  
  33  4:49  SCV x2  
  33  4:52  Marine x2  
  31  5:01  SCV x2  
  30  5:10  Hellion  
  30  5:13  SCV x2  
  34  5:25  SCV  
  33  5:31  Hellion  
  33  5:33  SCV  
  29  5:37  SCV  
  29  5:39  Marine  
  29  5:40  Marine  
  28  5:45  SCV  
  28  5:49  SCV  
  30  5:54  Bunker  
  30  5:57  SCV, Marine  
  30  5:58  Marine  
  30  6:01  SCV  
  34  6:09  SCV  
  35  6:12  Barracks, Factory  
  35  6:13  SCV  
  35  6:15  Marine  
  35  6:16  Marine  
  38  6:19  Engineering Bay  
  38  6:21  SCV  
  38  6:22  Command Center  
  39  6:26  SCV, Supply Depot  
  39  6:30  Starport  
  40  6:34  Barracks Reactor, SCV  
  40  6:35  Barracks Tech Lab  
  41  6:45  Factory Reactor  
  41  6:49  Supply Depot  
  41  6:57  Marauder  
  41  6:58  Stimpack  
  41  7:01  SCV x2  
  45  7:07  Missile Turret  
  45  7:10  Missile Turret  
  45  7:11  Supply Depot  
  45  7:13  SCV x2  
  45  7:14  Missile Turret  
  47  7:16  Missile Turret  
  47  7:18  Marauder, Terran Infantry Weapons Level 1  
  49  7:23  Marine x2  
  49  7:25  SCV  
  49  7:29  Factory Tech Lab  
  52  7:35  Supply Depot  
  52  7:38  Missile Turret  
  52  7:41  SCV x2, Marine x2, Missile Turret  
  56  7:53  SCV x2  
  56  7:57  Refinery  
  58  7:59  Supply Depot  
  58  8:01  Refinery  
  58  8:05  Refinery, SCV x2  
  60  8:17  SCV x2  
  62  8:29  SCV, Marine  
  62  8:30  Marine x3  
  62  8:34  Siege Tank  
  70  8:36  Widow Mine  
  70  8:40  Orbital Command  
  73  8:41  SCV  
  73  8:42  SCV  
  73  8:47  Marine x3  
  73  8:48  Marine  
  78  8:53  Missile Turret  
  78  8:54  Missile Turret  
  78  8:56  Widow Mine  
  78  8:57  Widow Mine  
  82  9:05  Marine x3  
  82  9:07  Combat Shield  
  86  9:10  Barracks Reactor  
  86  9:12  Terran Infantry Armor Level 1, Siege Tank  
  86  9:14  Missile Turret  
  88  9:20  Missile Turret  
  88  9:23  Marine x3  
  91  9:28  Widow Mine  
  91  9:29  Widow Mine  
  95  9:40  Marine  
  95  9:41  Marine x2  
  98  9:47  Barracks  
  98  9:48  SCV x2, Barracks  
  98  9:49  SCV  
  98  9:50  Widow Mine x2  
  105  9:58  Marine  
  105  9:59  Marauder, Marine  
  109  10:08  Supply Depot  
  109  10:09  Supply Depot  
  109  10:10  SCV  
  109  10:11  Supply Depot  
  109  10:12  SCV, Supply Depot  
  109  10:28  Marauder  
  109  10:29  Marine x3  
  109  10:30  Widow Mine x2, SCV, Marine  
  118  10:42  SCV  
  119  10:47  Marine x3  
  119  10:48  Marine  
  119  10:49  Marauder  
  120  11:05  Marine x3  
  120  11:06  Marine  
  120  11:07  Widow Mine x2, Siege Tank  
  120  11:11  Marauder  
  133  11:12  Medivac  
  134  11:32  Marauder  
  115  11:38  Marine x4  
  115  11:39  Siege Tank  
  106  11:42  Medivac  
  106  11:54  Marauder  
  108  11:56  Marine x4  
  112  12:11  Siege Tank  
  112  12:14  Marine x4  
  112  12:15  Marauder  
  105  12:23  Barracks Reactor, Barracks Tech Lab  
  105  12:24  Starport Reactor  
  105  12:31  Marine  
  105  12:32  Marine x3  
  105  12:36  Widow Mine x2, Marauder  
  115  12:43  Siege Tank  
  118  12:44  Refinery  
  118  12:46  Refinery  
  118  12:49  Marine  
  118  12:50  Marine x3  
  122  12:57  Widow Mine x2  
  122  12:58  Marauder  
  126  13:07  Marine x2  
  126  13:10  Command Center  
  128  13:15  Siege Tank  
  128  13:19  Marauder  
  133  13:20  Armory  
  133  13:24  Engineering Bay  
  133  13:25  Medivac x2  
  137  13:27  Concussive Shells  
  137  13:29  Marauder, Marine x2  
  141  13:37  Supply Depot  
  141  13:38  Supply Depot x2  
  141  13:42  Supply Depot  
  141  13:44  Supply Depot  
  141  13:53  Supply Depot  
  141  13:55  Missile Turret, Supply Depot  
  141  13:58  Marine x6  
  141  13:59  Marauder  
  141  14:00  Marauder, Medivac  
  141  14:02  Supply Depot x2  
  153  14:05  Siege Tank  
  153  14:06  Widow Mine x2, Supply Depot  
  160  14:10  Medivac, Supply Depot  
  160  14:13  Supply Depot  
  160  14:15  Missile Turret  
  160  14:16  Marine x6  
  168  14:19  Missile Turret  
  168  14:20  Marauder  
  168  14:21  Marauder, Missile Turret  
  168  14:22  Command Center  
  172  14:27  Widow Mine  
  172  14:30  Medivac  
  176  14:34  Marine x3  
  176  14:37  Missile Turret, Supply Depot  
Show
View Real Time Build Order
Export as new Build Order

qqq Protoss - Winner!

Build Orders:  

Get SALT Encoding   

  12  0:00  Probe  
  13  0:12  Probe  
  14  0:21  Pylon  
  14  0:33  Pylon  
  14  0:39  Probe  
  15  0:51  Probe  
  16  1:03  Probe  
  17  1:13  Nexus  
  17  1:15  Probe  
  18  1:27  Probe  
  18  1:30  Pylon  
  19  1:44  Probe  
  20  1:48  Forge  
  20  1:54  Gateway  
  20  1:56  Probe  
  20  2:01  Pylon  
  21  2:08  Probe  
  22  2:18  Assimilator  
  22  2:20  Probe  
  23  2:23  Assimilator  
  23  2:25  Photon Cannon  
  23  2:30  Probe  
  24  2:42  Probe  
  25  2:49  Photon Cannon  
  25  2:50  Photon Cannon  
  25  2:53  Pylon  
  25  3:15  Cybernetics Core  
  25  3:20  Probe (Chrono Boost)  
  25  3:25  Probe (Chrono Boost)  
  27  3:29  Probe (Chrono Boost)  
  27  3:33  Probe (Chrono Boost)  
  29  3:35  Pylon  
  29  3:40  Photon Cannon  
  29  3:43  Probe  
  29  3:44  Probe  
  31  3:55  Probe  
  32  3:56  Probe  
  32  3:58  Photon Cannon  
  32  4:01  Photon Cannon  
  33  4:05  Pylon  
  33  4:07  Probe  
  33  4:08  Probe  
  21  4:38  Stalker  
  23  4:46  Photon Cannon  
  23  4:52  Photon Cannon  
  18  5:28  Pylon  
  18  5:29  Pylon  
  18  5:31  Pylon  
  18  5:34  Probe  
  19  5:43  Stalker (Chrono Boost)  
  19  5:46  Probe  
  22  5:58  Probe  
  23  6:06  Stargate  
  23  6:10  Probe  
  24  6:22  Probe  
  25  6:34  Probe  
  25  6:38  Stargate  
  26  6:46  Probe  
  27  7:00  Nexus  
  27  7:04  Probe  
  28  7:13  Phoenix  
  30  7:24  Probe (Chrono Boost)  
  31  7:34  Probe (Chrono Boost)  
  32  7:39  Probe (Chrono Boost)  
  32  7:40  Phoenix  
  35  7:49  Phoenix  
  35  7:50  Protoss Air Weapons Level 1  
  37  8:02  Probe (Chrono Boost)  
  37  8:05  Phoenix  
  41  8:13  Probe (Chrono Boost)  
  41  8:26  Probe x2  
  43  8:34  Phoenix  
  43  8:35  Phoenix  
  43  8:38  Probe x2  
  49  8:50  Probe x2  
  51  9:02  Probe  
  52  9:05  Phoenix  
  52  9:06  Phoenix  
  52  9:07  Probe  
  57  9:13  Assimilator  
  57  9:14  Probe  
  58  9:19  Assimilator  
  58  9:21  Probe  
  58  9:23  Fleet Beacon  
  59  9:43  Nexus  
  59  9:46  Pylon  
  59  9:48  Pylon  
  59  9:50  Phoenix  
  61  9:52  Pylon  
  61  9:56  Probe  
  62  10:08  Anion Pulse-Crystals  
  62  10:42  Photon Cannon  
  62  10:46  Photon Cannon  
  62  10:48  Photon Cannon  
  60  10:54  Shield Battery  
  58  11:02  Phoenix x2  
  60  11:26  Phoenix  
  60  11:27  Phoenix  
  62  11:51  Phoenix  
  62  11:52  Carrier  
  62  11:53  Probe  
  71  12:04  Stargate  
  71  12:05  Probe  
  71  12:06  Stargate  
  72  12:16  Phoenix  
  72  12:17  Probe  
  71  12:29  Probe, Shield Battery  
  72  12:32  Assimilator  
  72  12:33  Photon Cannon  
  72  12:36  Assimilator  
  72  12:41  Probe  
  72  12:42  Carrier  
  79  12:54  Probe  
  79  12:56  Carrier, Phoenix  
  88  13:06  Probe  
  89  13:18  Probe  
  88  13:55  Void Ray x2  
  90  14:08  Void Ray x2  
  90  14:25  Probe  
  91  14:37  Probe  
  96  14:51  Nexus  
  97  14:55  Pylon  
  97  14:56  Pylon  
  97  14:59  Pylon  
Show
View Real Time Build Order
Export as new Build Order

kev Zerg 

Build Orders: Hatch First, Zergling Baneling 

Get SALT Encoding   

  12  0:00  Drone  
  13  0:13  Overlord  
  13  0:17  Drone  
  14  0:31  Drone x2  
  16  0:38  Drone  
  17  0:56  Drone  
  18  0:57  Hatchery  
  18  1:02  Drone  
  18  1:10  Extractor  
  17  1:20  Spawning Pool  
  16  1:45  Drone x3  
  19  1:56  Overlord  
  19  2:10  Zergling x2  
  19  2:11  Queen, Zergling x2  
  19  2:12  Metabolic Boost  
  23  2:25  Zergling x4  
  25  2:30  Queen  
  25  2:35  Zergling x4  
  29  2:42  Baneling Nest  
  29  2:43  Zergling x4  
  30  2:55  Zergling x4  
  32  3:01  Zergling x2  
  33  3:23  Zergling x2  
  33  3:24  Zergling x4  
  36  3:27  Baneling x5  
  36  3:28  Baneling  
  35  3:42  Overlord x2  
  32  4:07  Zergling x2  
  32  4:08  Zergling x16  
  41  4:11  Baneling x4  
  40  4:20  Zergling x2  
  40  4:21  Zergling x2  
  41  4:43  Zergling x2  
  41  4:44  Zergling x6  
  43  4:51  Drone  
  35  4:52  Drone  
  30  5:08  Zergling x2  
  30  5:09  Zergling x8  
  30  5:13  Drone  
  35  5:17  Hatchery  
  30  5:30  Drone x5  
  34  5:41  Drone x2  
  34  5:42  Drone x2  
  38  5:48  Drone x2  
  40  5:55  Drone  
  39  6:02  Drone x3  
  39  6:03  Drone  
  43  6:06  Extractor  
  43  6:09  Lair  
  42  6:12  Overlord  
  42  6:15  Drone x2  
  44  6:19  Extractor, Drone  
  44  6:20  Extractor  
  43  6:28  Queen  
  43  6:30  Drone x2  
  47  6:33  Drone x2  
  47  6:34  Drone  
  50  6:46  Drone  
  50  6:47  Drone x3  
  54  6:57  Zergling x6  
  57  7:02  Overlord x2  
  57  7:07  Spire  
  56  7:17  Drone  
  56  7:22  Drone  
  58  7:23  Drone x5  
  63  7:34  Drone x5, Extractor  
  67  7:38  Extractor  
  66  8:16  Overlord x2  
  66  8:17  Overlord  
  66  8:22  Mutalisk x3  
  72  8:29  Spore Crawler  
  72  8:31  Spore Crawler  
  70  8:34  Mutalisk  
  70  8:35  Mutalisk x10, Spore Crawler  
  70  8:36  Mutalisk  
  70  8:39  Overlord  
  93  8:47  Drone x4  
  97  9:05  Spore Crawler  
  97  9:08  Mutalisk x4  
  104  9:11  Overlord x3  
  104  9:13  Overlord  
  104  9:30  Mutalisk x3  
  104  9:31  Mutalisk x2  
  110  9:36  Overlord x2  
  114  9:57  Evolution Chamber  
  114  9:58  Zerg Flyer Weapons Level 1  
  113  10:03  Drone x4  
  113  10:04  Hatchery, Drone x4  
  102  10:22  Centrifical Hooks  
  102  10:25  Zerg Ground Armor Level 1  
  84  10:49  Baneling  
  84  10:50  Baneling x4  
  84  10:52  Zergling x2  
  84  10:53  Zergling x10  
  84  10:54  Zergling x8  
  94  11:05  Baneling x4  
  94  11:06  Baneling  
  94  11:12  Mutalisk x4  
  76  11:31  Mutalisk  
  76  11:32  Zergling x6  
  74  11:33  Zergling x4  
  71  11:54  Baneling x4  
  71  11:55  Baneling x2  
  71  11:56  Baneling x2  
  71  11:59  Zergling x2  
  71  12:00  Zergling x14  
  57  12:26  Zergling x10  
  57  12:27  Baneling  
  57  12:28  Baneling x6  
  57  12:29  Baneling x3  
  62  12:38  Zerg Ground Armor Level 2  
  62  12:40  Hatchery  
  61  12:44  Corruptor x2  
  61  12:45  Corruptor  
  66  13:12  Corruptor x5  
  72  13:17  Hatchery  
  72  13:18  Queen  
  75  13:33  Corruptor x2  
  74  14:03  Corruptor x4  
  80  14:14  Mutalisk  
  80  14:15  Zergling x4  
  80  14:16  Zergling x10  
  89  14:26  Baneling x3  
  89  14:27  Baneling x3  
Show
View Real Time Build Order
Export as new Build Order

Chomba Zerg 

Build Orders: Pool First, Lurkers, Zergling Baneling 

Get SALT Encoding   

  12  0:02  Drone  
  13  0:08  Drone  
  14  0:20  Extractor x2  
  14  0:21  Drone  
  13  0:22  Drone  
  16  0:32  Extractor  
  15  0:39  Spawning Pool  
  14  0:43  Extractor  
  14  0:44  Drone  
  15  1:01  Overlord  
  15  1:18  Hatchery  
  14  1:26  Zergling x4  
  14  1:30  Zergling x2  
  17  1:39  Metabolic Boost  
  17  1:44  Zergling x2  
  18  2:01  Zergling x4  
  19  2:38  Zergling x4  
  19  2:39  Zergling x4  
  19  2:42  Queen  
  19  2:43  Overlord, Baneling Nest  
  22  3:13  Zergling x8  
  22  3:14  Zergling x4  
  28  3:26  Baneling x3  
  28  3:27  Baneling x3  
  28  3:30  Zergling x2  
  29  3:35  Drone  
  29  3:37  Drone  
  24  4:12  Zergling x2  
  24  4:13  Zergling x12  
  24  4:14  Zergling x2  
  27  4:33  Baneling  
  27  4:34  Baneling x4  
  27  4:38  Zergling x8  
  25  5:19  Drone x3, Queen  
  25  5:38  Drone x5  
  28  5:45  Drone  
  28  5:52  Lair  
  28  5:53  Roach Warren  
  28  5:55  Drone  
  28  5:59  Drone  
  28  6:03  Drone x2  
  31  6:12  Drone  
  31  6:13  Zergling x2  
  33  6:21  Drone x3  
  33  6:23  Spine Crawler  
  33  6:25  Spine Crawler  
  34  6:31  Extractor, Drone  
  34  6:35  Roach  
  34  6:36  Overlord  
  34  6:37  Overlord  
  36  6:56  Drone x3  
  39  7:03  Roach x2  
  39  7:04  Drone x3, Roach  
  50  7:08  Roach  
  50  7:09  Glial Reconstitution  
  50  7:15  Spore Crawler  
  49  7:22  Hydralisk Den  
  48  7:27  Drone x3  
  51  7:34  Drone  
  51  7:35  Overlord x2  
  52  7:42  Overlord  
  52  7:49  Extractor  
  52  7:51  Extractor  
  50  7:52  Muscular Augments  
  50  8:11  Hatchery, Drone x3  
  50  8:12  Evolution Chamber, Overlord  
  51  8:14  Evolution Chamber  
  51  8:18  Hydralisk  
  51  8:19  Hydralisk  
  54  8:41  Drone x3  
  54  8:42  Drone, Overlord x2  
  54  8:45  Zerg Missile Weapons Level 1  
  54  8:46  Zerg Ground Armor Level 1  
  58  9:03  Grooved Spines  
  58  9:05  Hydralisk x2  
  58  9:06  Hydralisk x2  
  66  9:13  Spore Crawler  
  66  9:15  Drone  
  66  9:16  Spore Crawler  
  65  9:22  Drone  
  65  9:23  Drone  
  67  9:24  Spore Crawler  
  67  9:25  Drone  
  67  9:37  Extractor x2, Drone  
  67  9:38  Drone  
  67  9:39  Drone  
  67  9:45  Drone x3  
  71  9:52  Lurker Den  
  71  9:53  Drone  
  71  9:58  Pneumatized Carapace  
  71  10:03  Drone x4  
  71  10:07  Drone x3  
  78  10:14  Hydralisk x2  
  78  10:15  Hydralisk  
  84  10:21  Hydralisk x2  
  84  10:23  Hydralisk  
  89  10:42  Hydralisk  
  89  10:43  Hydralisk x6  
  92  10:57  Lurker x2  
  92  11:01  Spore Crawler  
  92  11:03  Spore Crawler  
  85  11:04  Spore Crawler x3  
  85  11:05  Drone x3  
  85  11:07  Drone x3  
  85  11:08  Drone  
  73  11:40  Hydralisk x4  
  73  11:41  Hydralisk x7  
  83  11:51  Zerg Missile Weapons Level 2  
  83  11:52  Zerg Ground Armor Level 2  
  79  11:55  Queen  
  81  12:01  Hydralisk x2  
  81  12:03  Hydralisk  
  87  12:24  Hydralisk x3  
  87  12:25  Hydralisk x5  
  104  12:30  Drone  
  104  12:38  Infestation Pit  
  104  12:41  Lurker x3  
  104  12:43  Overlord  
  104  12:44  Overlord x2  
  104  13:17  Hydralisk x4, Spore Crawler  
  104  13:18  Queen, Hydralisk  
  115  13:24  Spore Crawler  
  114  13:34  Hydralisk x2  
  118  14:14  Hydralisk x4  
  118  14:15  Hydralisk x2  
  118  14:16  Overlord x2  
  118  14:17  Overlord x2  
  130  14:35  Hydralisk  
  91  14:58  Lurker  
Tags
 
Add a new tag
Caveats
  • Supply blocks, unpowered buildings, or Contaminate may cause inaccurate times.
  • Supply counts are checked every 10 seconds.